 Dungeon Crawl Stone Soup version 0.20.1 (webtiles) character file.

130 VajrapaniSR the Ruffian (level 4, -8/44 HPs)
             Began as a Troll Monk on July 2, 2017.
             Killed from afar by an orc (43 damage)
             ... with an exploding inner flame
             ... hexed by the player character
             ... on level 4 of the Dungeon.
             The game lasted 00:04:36 (621 turns).

VajrapaniSR the Ruffian (Troll Monk)                 Turns: 621, Time: 00:04:36

Health: -8/44      AC:  5    Str: 19    XL:     4   Next: 89%
Magic:  3/3        EV:  5    Int:  6    God:
Gold:   36         SH: 11    Dex: 13    Spells: 3/3 levels left

rFire    . . .     SeeInvis .     - Unarmed
rCold    . . .     Gourm    +   d - +0 large shield
rNeg     . . .     Faith    .   a - +0 robe
rPois    .         Spirit   .   (helmet restricted)
rElec    .         Reflect  .   (no cloak)
rCorr    .         Harm     .   (gloves unavailable)
MR       .....                  (boots unavailable)
Stlth    ++........             (no amulet)
Regen    0.6/turn               (no ring)
MPRegen  0.1/turn               (no ring)

@: no status effects
A: unfitting armour, claws 3, fast metabolism 3, gourmand, regeneration 1,
shaggy fur 1, tough skin 2
a: no special abilities


You were on level 4 of the Dungeon.
You were hungry.

You visited 1 branch of the dungeon, and saw 4 of its levels.

You collected 36 gold pieces.

Inventory:

Armour
 a - a +0 robe (worn)
 d - a +0 large shield (worn)
Scrolls
 e - a scroll of teleportation
 l - a scroll of remove curse
Potions
 j - 2 potions of degeneration {unknown}
 k - a potion of flight {unknown}
Comestibles
 b - 5 bread rations
 g - 2 royal jellies
 i - a meat ration
 m - 3 fruits


   Skills:
 - Level 2.4 Fighting
 - Level 2.4 Dodging
 - Level 1.0 Stealth
 + Level 5.6 Unarmed Combat


You had 3 spell levels left.
You didn't know any spells.

Dungeon Overview and Level Annotations

Branches:
Dungeon (4/15)
 Temple: D:4-7

Altars:


Innate Abilities, Weirdness & Mutations

You are too large for most types of armour.
You have claws for hands.
Your metabolism is lightning-fast.
You like to eat raw meat.
Your natural rate of healing is unusually fast.
You are covered in fur. (AC +1)
You have very tough skin. (AC +2)


Message History

As you read the scroll labeled FURAEN TUHOUP, it crumbles to dust.
It is a scroll of recharging.
You aren't carrying any rechargeable items.
An orc comes into view. It is wielding a hand axe.
As you read the scroll labeled UFEFYF DEDACS, it crumbles to dust.
You feel blessed for a moment.
It was a scroll of remove curse.
As you read the scroll labeled HIELAH PETOEP, it crumbles to dust.
The creatures around you are filled with an inner flame!
It was a scroll of immolation.
You block the orc's attack.
Firing (i - inventory): No suitable missiles.
Aim: an orc, wielding a hand axe (inner flame)
Okay, then.
You scratch the orc. The orc hits you with a hand axe!
You take 9 damage, and have 35/44 hp.
MASSIVE DAMAGE!!
You claw the orc!
The orc explodes!
The fiery explosion engulfs you!
Ouch! That really hurt!
You die...

#.# #.#
..# #.#
#.#
#######.#
........#
#@# #.#
#ยง#
######.#
#......#
#.##...#
#.#.#
#.#.#
#.#.#


There were no monsters in sight!

Vanquished Creatures
  The ghost of simples the Sneak, an amateur SpEn (D:3)
  2 leopard geckos (D:3)
  5 bats
  3 goblins
  3 hobgoblins
  6 jackals (D:2)
  A kobold (D:3)
  5 rats
26 creatures vanquished.

Notes
Turn   | Place    | Note
-------+----------+-------------------------------------------
     0 | D:1      | VajrapaniSR the Troll Monk began the quest for the Orb.
     0 | D:1      | Reached XP level 1. HP: 22/22 MP: 0/0
    90 | D:2      | VajrapaniSR: ??unarmed
    90 | D:2      | beem: unarmed combat[1/3]: Fighting without a weapon. Base damage is 3 + UC skill (+2 per claws level (so +6 Tr, +2 Gh), +X for forms); delay 1.0 - UC/54.0; +2 to hit.
    90 | D:2      | VajrapaniSR: ??claws
    90 | D:2      | beem: claws[1/1]: +2 unarmed base damage per level and increases {punch} damage. Level 3 chops off hydra heads. The effects of claws are eliminated if you're wearing gloves, though at claws 3 you can't use the slot anyways.
   102 | D:2      | Reached XP level 2. HP: 29/29 MP: 1/1
   181 | D:3      | Noticed simples's ghost (amateur SpEn)
   192 | D:3      | Killed simples's ghost
   192 | D:3      | Reached skill level 5 in Unarmed Combat
   192 | D:3      | Reached XP level 3. HP: 34/36 MP: 2/2
   192 | D:3      | Reached XP level 4. HP: 42/44 MP: 3/3
   621 | D:4      | Killed from afar by an orc

Skill      XL: |  1  2 |
---------------+-------+-----
Unarmed Combat | 5 |  5.6
Fighting       | |  2.4
Dodging        | |  2.4
Stealth        | |  1.0

Action                   |  1- 3 |  4- 6 || total
-------------------------+-------+-------++-------
Melee: Unarmed           |    32 |    32 ||    64
  Use: Potion            |     1 |       ||     1
       Scroll            |       |     5 ||     5
 Stab: Sleeping          |       |     4 ||     4
  Eat: Chunk             |       |     2 ||     2
Armor: Robe              |    14 |    14 ||    28
Dodge: Dodged            |    13 |     8 ||    21
Block: Large shield      |       |    25 ||    25
